 Dungeon Crawl Stone Soup version 0.29.1-13-g9f3cf754e1 (webtiles) character file.

Game seed: 1826504589029988707

541735 cheesebisquit the Metallomancer (level 26, -1/170 HPs)
             Began as a Gargoyle Earth Elementalist on Jan 26, 2023.
             Was the Champion of Vehumet.
             Slain by a black draconian knight
             ... wielding a +1 glaive of flaming
             ... led by a red draconian scorcher
              (11 damage)
             ... on level 4 of the Realm of Zot on Jan 27, 2023.
             The game lasted 07:23:09 (103709 turns).

cheesebisquit the Metallomancer (GrEE)            Turns: 103709, Time: 07:23:09

Health: -1/170     AC: 44    Str: 20    XL:     26   Next: 1%
Magic:  12/55      EV: 10    Int: 35    God:    Vehumet [******]
Gold:   1399       SH:  0    Dex: 23    Spells: 16/63 levels left

rFire   + + +      SeeInvis +   a - +3 Elemental Staff {rElec rF++ rC++ AC+5}
rCold   + + +      Faith    .   g - +0 buckler of Refuge {MP+9}
rNeg    + . .      Spirit   .   i - +2 robe {Archmagi}
rPois   ∞          Reflect  +   y - +2 helmet {SInv}
rElec   +          Harm     .   j - +2 cloak {Stlth+}
rCorr   .          Rampage  .   N - +2 pair of gloves
Will    +....      Archmagi +   R - +2 pair of boots {Stlth+}
Stlth   ++++......              w - amulet of Papliz {Reflect rF+ rC+ Dex+2 SH+5}
HPRegen 0.38/turn               B - ring "Ibieri" {*Slow rElec Str+7 Int+8 Dex+6}
MPRegen 0.34/turn               D - ring "Ureh" {Wiz Drain +Blink rPois Dex+5}

@: confused, about to teleport, ambrosia-drunk, flying, held, studying Stealth
A: sickness immunity, AC +20, big wings, negative energy resistance 1,
electricity resistance, torment resistance 1, petrification resistance
}: 3/15 runes: serpentine, barnacled, silver
a: Renounce Religion, Evoke Blink


You were on level 4 of the Realm of Zot.
You worshipped Vehumet.
Vehumet was exalted by your worship.
You visited 10 branches of the dungeon, and saw 47 of its levels.
You visited 1 bazaar.
You also visited: Sewer and Ice Cave.

You collected 7076 gold pieces.
You spent 5677 gold pieces at shops.

Inventory:

Hand Weapons
 a - the +3 Elemental Staff (weapon) {rElec rF++ rC++ AC+5}
   (You acquired it on level 11 of the Dungeon)

   If the wielder is skilled in Evocations, they can discharge powerful blasts
   of elemental energy when striking with it.
   It enhances your fire, ice, earth and air magic.
   AC:        It affects your AC (+5).
   rF:        It greatly protects you from fire.
   rC:        It greatly protects you from cold.
   rElec:     It insulates you from electricity.
Missiles
 d - 10 throwing nets
 e - 36 poisoned darts
 p - 6 silver boomerangs
 H - 6 atropa-tipped darts
 O - 7 silver javelins
 Y - 5 boomerangs of dispersal
 Z - 4 curare-tipped darts
Armour
 g - the +0 buckler of Refuge (worn) {MP+9}
   (You bought it in a shop on level 2 of the Orcish Mines)

   MP:        It affects your magic capacity (+9).
 i - a +2 robe of the Archmagi (worn)
 j - a +2 cloak of stealth (worn)
 r - the +1 robe of Naeca {+Inv rC+}
   (You found it on level 5 of the Vaults)

   rC:        It protects you from cold.
   +Inv:      It lets you turn invisible.
 y - a +2 helmet of see invisible (worn)
 N - a +2 pair of gloves (worn)
 R - a +2 pair of boots of stealth (worn)
Jewellery
 n - a ring of wizardry
 q - a +6 ring of intelligence
 w - the amulet of Papliz (around neck) {Reflect rF+ rC+ Dex+2 SH+5}
   (You bought it in a shop on level 2 of the Elven Halls)

   [amulet of reflection]

   It reflects blocked missile attacks.
   Dex:       It affects your dexterity (+2).
   rF:        It protects you from fire.
   rC:        It protects you from cold.
   SH:        It affects your SH (+5).
 B - the ring "Ibieri" (left hand) {*Slow rElec Str+7 Int+8 Dex+6}
   (You took it off a deep elf sorcerer on level 3 of the Elven Halls)

   [ring of dexterity]

   Str:       It affects your strength (+7).
   Int:       It affects your intelligence (+8).
   Dex:       It affects your dexterity (+6).
   rElec:     It insulates you from electricity.
   *Slow:     It may slow you when you take damage.
 D - the ring "Ureh" (right hand) {Wiz Drain +Blink rPois Dex+5}
   (You found it on level 3 of the Depths)

   [ring of wizardry]

   It improves your spell success rate.
   Dex:       It affects your dexterity (+5).
   rPois:     It protects you from poison.
   +Blink:    It lets you blink.
   Drain:     It drains your maximum health when unequipped.
 I - a ring of magical power
 K - a ring of willpower
 M - the ring "Nugexkidd" {rElec Will+ Str+4}
   (You took it off a deep elf annihilator on level 3 of the Elven Halls)

   [ring of willpower]

   Str:       It affects your strength (+4).
   rElec:     It insulates you from electricity.
   Will:      It increases your willpower.
 U - an amulet of magic regeneration
 V - the amulet of Upah {RegenMP Dex+3}
   (You took it off a deep elf death mage on level 3 of the Elven Halls)

   [amulet of magic regeneration]

   It increases your rate of magic regeneration.
   Dex:       It affects your dexterity (+3).
Wands
 c - a wand of acid (22)
 f - a wand of paralysis (48)
 t - a wand of digging (22)
 v - a wand of polymorph (26)
 A - a wand of roots (42)
 C - a wand of flame (59)
 S - a wand of mindburst (16)
Scrolls
 o - 2 scrolls of fear
 s - 6 scrolls of fog
 x - 2 scrolls of silence
 z - 5 scrolls of enchant weapon
 E - 15 scrolls of immolation
 F - 7 scrolls of magic mapping
 G - 5 scrolls of teleportation
 J - a scroll of blinking
 L - 2 scrolls of summoning
 T - 2 scrolls of brand weapon
 X - 6 scrolls of poison
Potions
 b - 16 potions of mutation
 h - 3 potions of cancellation
 k - 3 potions of resistance
 l - 29 potions of curing
 m - 7 potions of lignification
 Q - 10 potions of ambrosia
 W - 6 potions of haste


   Skills:
 + Level 18.6 Fighting
 + Level 17.3 Staves
 - Level 11.4 Armour
 - Level 10.4 Dodging
 + Level 12.8 Stealth
 - Level 5.0 Shields
 + Level 19.2 Spellcasting
 + Level 16.9 Conjurations
 - Level 3.7 Necromancy
 - Level 3.6 Transmutations
 + Level 23.2 Earth Magic
 + Level 13.0 Evocations


You had 16 spell levels left.
You knew the following spells:

 Your Spells              Type           Power      Damage    Failure   Level
a - Sandblast             Erth           100%       2d20      0%          1
b - Stone Arrow           Conj/Erth      100%       3d13      0%          3
c - Passwall              Tmut/Erth      100%       N/A       0%          2
d - Petrify               Tmut/Erth      100%       N/A       1%          4
e - Lee's Rapid Deconstr  Erth           82%        3d38*     0%          5
f - Borgnjor's Vile Clut  Necr/Erth      68%        N/A       1%          5
g - Shatter               Erth           82%        3d60*     1%          9
h - Lehudib's Crystal Sp  Conj/Erth      78%        10d18     1%          8
i - Leda's Liquefaction   Hex/Erth       65%        N/A       1%          4
z - Iron Shot             Conj/Erth      78%        9d14      1%          6

Your spell library contained the following spells:

 Spells                   Type           Power      Damage    Failure   Level
 Magic Dart               Conj           100%       1d8       0%          1
 Searing Ray              Conj           100%       2d8       0%          2
 Beastly Appendage        Tmut           100%       N/A       1%          1
 Foxfire                  Conj/Fire      100%       2x1d9     1%          1
 Freeze                   Ice            100%       1d11      1%          1
 Necrotise                Necr           100%       1d9       1%          1
 Shock                    Conj/Air       100%       1d9       1%          1
 Sting                    Tmut/Pois      100%       1d8       1%          1
 Blink                    Tloc           100%       N/A       1%          2
 Ensorcelled Hibernation  Hex/Ice        100%       N/A       1%          2
 Poisonous Vapours        Pois/Air       100%       N/A       1%          2
 Wereblood                Tmut           73%        N/A       1%          2
 Call Canine Familiar     Summ           50%        N/A       1%          3
 Conjure Flame            Conj/Fire      100%       6-21      1%          3
 Dazzling Flash           Conj/Hex       100%       N/A       1%          3
 Frozen Ramparts          Ice            100%       1d16      1%          3
 Gell's Gravitas          Tloc           50%        N/A       1%          3
 Ignite Poison            Fire/Tmut/Pois 76%        N/A       1%          3
 Inner Flame              Hex/Fire       66%        N/A       1%          3
 Lesser Beckoning         Tloc           50%        N/A       1%          3
 Mephitic Cloud           Conj/Pois/Air  100%       N/A       1%          3
 Ozocubu's Armour         Ice            66%        N/A       1%          3
 Portal Projectile        Hex/Tloc       100%       N/A       1%          3
 Spider Form              Tmut/Pois      62%        N/A       1%          3
 Summon Guardian Golem    Hex/Summ       50%        N/A       1%          3
 Swiftness                Air            66%        N/A       1%          3
 Teleport Other           Tloc           50%        N/A       1%          3
 Tukima's Dance           Hex            50%        N/A       1%          3
 Vampiric Draining        Necr           74%        2d11      1%          3
 Airstrike                Air            33%        2d(5-21)  1%          4
 Animate Dead             Necr           74%        N/A       1%          4
 Dispel Undead            Necr           74%        3d25      1%          4
 Flame Wave               Conj/Fire      100%       2d21      1%          4
 Fulminant Prism          Conj/Hex       48%        3d21      1%          4
 Hailstorm                Conj/Ice       100%       3d20      1%          4
 Iskenderun's Mystic Bla  Conj/Tloc      96%        2d19      1%          4
 Sticky Flame             Conj/Fire      100%       2d11      1%          4
 Fireball                 Conj/Fire      59%        3d23      1%          5
 Freezing Cloud           Conj/Ice/Air   64%        6-21      1%          5
 Irradiate                Conj/Tmut      51%        3d28      1%          5
 Iskenderun's Battlesphe  Conj           100%       2d15      1%          5
 Yara's Violent Unravell  Hex/Tmut       31%        3d13      1%          5
 Conjure Ball Lightning   Conj/Air       59%        3x3d21    1%          6
 Starburst                Conj/Fire      59%        6d16      1%          6
 Orb of Destruction       Conj           61%        9d15      1%          7
 Anguish                  Hex/Necr       31%        N/A       2%          4
 Ice Form                 Ice/Tmut       81%        N/A       2%          4
 Corpse Rot               Necr/Pois/Air  76%        N/A       3%          4
 Agony                    Necr           74%        N/A       3%          5
 Blade Hands              Tmut           36%        N/A       3%          5
 Passage of Golubria      Tloc           50%        N/A       4%          4
 Summon Ice Beast         Ice/Summ       66%        N/A       4%          4
 Summon Lightning Spire   Summ/Air       66%        N/A       4%          4
 Spellforged Servitor     Conj/Summ      48%        N/A       4%          7
 Alistair's Intoxication  Tmut/Pois      41%        N/A       6%          5
 Eringya's Noxious Bog    Tmut/Pois      31%        N/A       10%         6
 Manifold Assault         Tloc           50%        N/A       14%         5
 Summon Forest            Summ/Tloc      25%        N/A       14%         5
 Summon Mana Viper        Hex/Summ       50%        N/A       14%         5
 Death Channel            Necr           37%        N/A       16%         6
 Simulacrum               Ice/Necr       40%        N/A       32%         6
 Dispersal                Tloc           25%        N/A       56%         6
 Dragon Form              Tmut           36%        N/A       65%         7
 Ozocubu's Refrigeration  Ice            33%        4d14      65%         7
 Haunt                    Necr/Summ      31%        N/A       86%         7
 Storm Form               Tmut/Air       40%        N/A       86%         7
 Chain Lightning          Conj/Air       59%        3d78      95%         9
 Fire Storm               Conj/Fire      59%        8d15      95%         9
 Monstrous Menagerie      Summ           25%        N/A       98%         7
 Summon Hydra             Summ           25%        N/A       98%         7
 Ignition                 Fire           33%        3d10      99%         8
 Infestation              Necr           37%        N/A       99%         8
 Maxwell's Capacitive Co  Air            33%        ∞         99%         8
 Polar Vortex             Ice            33%        N/A       100%        9
 Statue Form              Tmut/Erth      Unusable   N/A       N/A         6

Dungeon Overview and Level Annotations

Branches:
Dungeon (15/15)            Temple (1/1) D:6            Lair (5/5) D:8
 Shoals (4/4) Lair:3        Snake (4/4) Lair:2        Slime (0/5) Lair:4
    Orc (2/2) D:9             Elf (3/3) Orc:2        Vaults (5/5) D:13
  Crypt (0/3) Vaults:2     Depths (4/4) D:15            Zot (4/5) Depths:4
  Sewer (visited)           IceCv (visited)

Altars:
Ashenzari
Cheibriados
Dithmenos
Elyvilon
Fedhas
Gozag
Hepliaklqana
Kikubaaqudgha
Makhleb
Nemelex Xobeh
Okawaru
Qazlal
Ru
Sif Muna
Trog
Uskayaw
Vehumet
Wu Jian
Xom
Yredelemnul
Zin
The Shining One
Jiyva

Shops:
D:7 (   D:12 !*(!   D:13 [   Orc:2 [((=   Elf:2 ==:   Elf:3 *   Shoals:4 :
Snake:1 [   Vaults:3 *   Vaults:4 *   Vaults:5 ?   Depths:1 *   Depths:3 (*

Portals:
Hell: Depths:1 Depths:2 Depths:3 Depths:4
Abyss: Depths:2 Depths:3
Pandemonium: Depths:2 Depths:4
Ziggurat: Depths:2
Trove: Depths:2 (give +4 shadow dragon scales)

Annotations:
Snake:2 2 transporters, AverageBear's ghost, adept FoFi
Vaults:1 1 transporter


Innate Abilities, Weirdness & Mutations

You are immune to sickness and miasma.
Your stone body is resilient. (AC +20)
You are immune to poison.
Your large and strong wings let you fly.
You resist negative energy. (rN+)
You are resistant to electric shocks. (rElec)
You are resistant to unholy torment.
You are immune to petrification.


Message History

The black draconian knight casts a spell.
The black draconian knight flickers and vanishes for a moment.
The purple draconian shifter is engulfed in poison gas.
The purple draconian shifter looks as sick as possible!
The green draconian monk hits you but does no damage.
The green draconian monk kicks you but does no damage.
The green draconian monk tail-slaps you but does no damage.
The green draconian monk tail-slaps you!
* * * LOW HITPOINT WARNING * * *
The black draconian knight hits you with a +3 vorpal war axe!
* * * LOW HITPOINT WARNING * * *
x2 The white draconian completely misses you.
The red draconian breathes fire at you. The searing blast hits you. You resist.
* * * LOW HITPOINT WARNING * * *
The green draconian monk misses you. The green draconian monk kicks you.
* * * LOW HITPOINT WARNING * * *
The green draconian monk tail-slaps you but does no damage.
The green draconian monk closely misses you.
You are confused.
You feel invigorated.
You are engulfed in blazing flames.
You resist.
The grasping roots constrict the red draconian!!
The grasping roots constrict the black draconian knight!
The grasping roots constrict the white draconian!!
The grasping roots constrict the green draconian monk.
The grasping roots constrict the black draconian knight!
The grasping roots constrict the green draconian monk!
The black draconian knight hits you but does no damage.
The black draconian knight hits you with a +3 vorpal war axe!
* * * LOW HITPOINT WARNING * * *
x2 The purple draconian shifter gestures wildly while chanting.
The purple draconian shifter blinks!
The green draconian monk hits you!
* * * LOW HITPOINT WARNING * * *
The green draconian monk kicks you but does no damage.
The green draconian monk tail-slaps you.
* * * LOW HITPOINT WARNING * * *
The green draconian monk barely misses you.
The white draconian hits you but does no damage.
The black draconian knight hits you from afar with a +1 glaive of flaming!
You die...

#####################.
#○..q@q)☼○°.○.<.......
#.q☼dqd.)....<........
#.☼§§q..○☼..☼......q..
#.°○...○##############
#§....### #.°○○.#
#○....# .....## .


You could see 2 draconians, 2 draconians, a red draconian (very poisoned,
catching breath, rooted), a white draconian (catching breath, rooted) and a
purple draconian shifter (extremely poisoned).

Vanquished Creatures
  3 ancient liches
  Mara (Shoals:4)
  2 juggernauts
  Sojobo (Vaults:5)
  Vv (Zot:1)
  Frederick (Vaults:3)
  A caustic shrike (Depths:4)
  8 golden dragons
  The ghost of theMacoje the Slayer, an adept OgEn of Okawaru (Vaults:4)
  6 electric golems
  Mlioglotl (Shoals:4)
  10 tentacled monstrosities
  Rupert (Vaults:3)
  3 deep elf blademasters
  3 titans (Vaults:5)
  A walking divine tome (Depths:3)
  A kraken (Shoals:3)
  A quicksilver dragon (Depths:4)
  2 deep elf master archers (Elf:3)
  Polyphemus (Shoals:3)
  3 death cobs (Zot:3)
  5 sphinxes
  Kirke (Shoals:4)
  10 tengu reavers
  Agnes (Vaults:3)
  10 nagarajas (Snake:4)
  3 draconian knights
  7 shadow dragons
  10 storm dragons
  4 draconian monks
  Ilsuiw (Shoals:2)
  9 fire giants
  Roxanne (Snake:4)
  9 deep elf sorcerers
  2 orc warlords
  An iron dragon (Depths:4)
  7 frost giants
  A ghost moth (Zot:2)
  2 draconian scorchers
  19 vault wardens
  A caustic shrike zombie (D:15)
  A spriggan defender (Depths:1)
  A draconian stormcaller (Zot:3)
  2 war gargoyles
  6 ironbound preservers
  A draconian shifter (Zot:4)
  A draconian annihilator (Zot:4)
  2 deep elf elementalists
  14 stone giants
  10 deep elf demonologists
  4 vampire knights
  31 very ugly things
  A dire elephant (Vaults:1)
  4 ironbound thunderhulks
  6 green draconians
  Azrael (Snake:3)
  3 white draconians
  5 black draconians
  3 purple draconians
  2 spark wasps (shapeshifter)
  6 yellow draconians
  7 deep elf annihilators
  A minotaur (shapeshifter) (D:12)
  4 entropy weavers
  5 red draconians
  6 spark wasps
  11 ettins
  A crystal guardian (Vaults:3)
  9 merfolk impalers
  6 merfolk javelineers (Shoals:4)
  4 jiangshi
  A blizzard demon (Depths:2)
  Josephine (Snake:1)
  12 deep elf death magi
  13 fire dragons
  9 great orbs of eyes
  4 deep elf high priests
  4 rakshasas
  3 salamander tyrants (Snake:4)
  11 yaktaur captains
  12 hydras
  Fannar (D:11)
  32 vault guards
  Erolcha (D:13)
  14 ice dragons
  7 boulder beetles
  Harold (D:9)
  A hell beast (Depths:2)
  2 ogre magi (Vaults:5)
  The ghost of Jingleheimer the Martial Artist, a journeyman OpBe of Trog (D:10)
  21 centaur warriors
  7 anacondas
  3 spriggan air magi (Depths:4)
  6 merfolk aquamancers
  4 merfolk avatars
  4 catoblepae
  14 ironbound frosthearts
  2 satyrs (Shoals:4)
  A peacekeeper (Vaults:3)
  29 dancing weapons
  A death knight (D:14)
  An alligator snapping turtle (Shoals:4)
  A two-headed ogre (shapeshifter) (D:12)
  11 naga warriors
  11 two-headed ogres
  9 deep troll shamans
  2 death yaks (Shoals:3)
  5 tengu warriors
  3 vampire magi
  12 deep troll earth magi
  5 shock serpents
  2 orc high priests
  16 naga sharpshooters
  A soul eater (D:13)
  2 sun demons
  Sonja (D:9)
  21 deep elf knights
  A salamander mystic (Snake:4)
  10 hell knights
  A fire crab (Lair:5)
  11 iron trolls
  A death drake (shapeshifter) (Depths:4)
  5 skeletal warriors
  10 sea snakes
  A shadow wraith (Vaults:5)
  A spark wasp zombie (D:15)
  Amaemon (D:11)
  7 spectral anacondas (Snake:3)
  35 deep trolls
  9 wizards
  3 flayed ghosts (Depths:4)
  3 anaconda zombies (Snake:3)
  A steelbarb worm (shapeshifter) (Depths:4)
  3 naga ritualists
  6 glowing orange brains
  4 anaconda skeletons (Snake:3)
  A glowing orange brain (shapeshifter) (Vaults:5)
  34 deep elf pyromancers
  23 ironbound convokers
  12 harpies
  Pikel (D:5)
  17 deep elf archers
  A mana viper (shapeshifter) (Vaults:5)
  A tengu zombie (D:15)
  13 necromancers
  14 orc knights
  12 phantasmal warriors
  41 deep elf zephyrmancers
  A harpy (shapeshifter) (Vaults:5)
  5 lindwurms
  11 salamanders
  5 mana vipers
  A stone giant zombie (Vaults:4)
  An orc sorcerer (Orc:1)
  42 ugly things
  A wolf spider (D:12)
  8 fauns
  19 manticores
  11 cyclopes
  A frost giant skeleton (Depths:1)
  18 moths of wrath
  9 elephants
  8 guardian serpents
  Maurice (Orc:2)
  A black mamba (shapeshifter) (Elf:1)
  37 black mambas
  10 merfolk sirens
  4 ice statues
  2 rust devils (D:6)
  21 vault sentinels
  3 molten gargoyles (Lair:5)
  12 naga magi
  An unseen horror (shapeshifter) (Depths:2)
  Maggie (D:6)
  3 cane toads
  2 gargoyles
  An orange demon (D:11)
  19 yaktaurs
  13 komodo dragons
  2 rime drakes (Lair:3)
  2 demonic crawlers (Elf:3)
  An efreet (D:14)
  An unseen horror (D:12)
  Psyche (D:9)
  2 kobold demonologists (D:12)
  5 freezing wraiths
  A hellwing (Depths:2)
  2 guardian mummies
  38 merfolk
  7 anaconda simulacra
  A tengu conjurer (Depths:4)
  A queen bee (Lair:3)
  7 meliai
  9 trolls
  3 red devils
  4 wind drakes
  2 hornets
  4 polar bears
  22 slime creatures
  A tarantella (shapeshifter) (Elf:3)
  A spriggan zombie (Depths:1)
  A fire giant simulacrum (Depths:1)
  9 snapping turtles
  2 dream sheep (Shoals:2)
  10 blink frogs
  A stone giant simulacrum (Vaults:4)
  A centaur simulacrum (D:15)
  A spriggan skeleton (D:15)
  27 yaks
  A ynoxinul (Depths:2)
  2 shadows
  An air elemental (Elf:2)
  34 water elementals
  4 wyverns
  8 wraiths
  11 humans (D:13)
  2 vampires
  A hog (shapeshifter) (Elf:1)
  A golden eye (shapeshifter) (Elf:2)
  A basilisk (shapeshifter) (D:14)
  3 basilisks
  6 fire elementals
  A redback (Vaults:3)
  5 steam dragons
  10 vampire mosquitoes
  A redback (shapeshifter) (Elf:3)
  A death yak simulacrum (IceCv)
  33 nagas
  An ogre zombie (Vaults:4)
  7 wargs
  Duvessa (D:6)
  A hydra simulacrum (IceCv)
  16 water moccasins
  The ghost of zlionsfan the Sneak, an amateur VSDe of Cheibriados (D:3)
  2 acid dragons
  A floating eye (shapeshifter) (D:12)
  8 hell hounds
  3 sky beasts
  A black bear (D:7)
  An ogre (shapeshifter) (Vaults:5)
  An ice beast (shapeshifter) (Elf:1)
  7 boggarts
  The ghost of dangeratio the Trooper, an amateur DgFi (D:3)
  47 orc warriors
  7 wolves
  7 ogres
  2 phantoms
  7 centaurs
  2 lemures (D:5)
  A kobold brigand (D:6)
  7 bullfrogs
  4 earth elementals
  A necrophage (D:4)
  A gnoll sergeant (D:8)
  5 wights (D:7)
  The ghost of GigaChad the Shield-Bearer, a weakling MiFi (D:3)
  Dowan (D:6)
  40 killer bees
  2 electric eels (Lair:3)
  3 howler monkeys
  A crimson imp (D:7)
  A human simulacrum (Vaults:4)
  3 hounds
  8 lava snakes
  4 jellies
  16 orc priests
  2 gnoll boudas
  An iguana (D:4)
  19 orc wizards
  3 polar bear simulacra (IceCv)
  2 wolf simulacra (IceCv)
  16 gnolls
  15 adders
  A shadow imp (D:6)
  2 white imps
  2 ufetubi (D:5)
  2 worms
  2 dart slugs
  97 orcs
  5 bats
  13 endoplasms
  10 giant cockroaches
  7 hobgoblins
  6 jackals
  5 quokkas
  9 ball pythons
  4 frilled lizards
  5 goblins
  10 kobolds
  5 rats
1955 creatures vanquished.

Vanquished Creatures (collateral kills)
  An ironbound preserver (Vaults:2)
  2 vault guards (Vaults:2)
  3 deep trolls (Vaults:2)
  A vault sentinel (Vaults:2)
7 creatures vanquished.

Vanquished Creatures (others)
  A vault guard (D:13)
  A vampire mage (Depths:2)
  An orb spider (shapeshifter) (Depths:4)
  A deep elf pyromancer (Elf:2)
  A wyvern (Lair:4)
  3 humans (Shoals:4)
  A redback (shapeshifter) (Depths:4)
  A sky beast (D:9)
  An orc (Orc:1)
  8 demonic plants (D:13)
  31 fungi
  121 plants
  8 tentacles (Shoals:3)
  3 toadstools (D:13)
  2 withered plants (D:15)
184 creatures vanquished.

Grand Total: 2146 creatures vanquished

Notes
Turn   | Place    | Note
-------+----------+-------------------------------------------
     0 | D:1      | cheesebisquit the Gargoyle Earth Elementalist began the
                  | quest for the Orb.
     0 | D:1      | Reached XP level 1. HP: 10/10 MP: 3/3
   180 | D:1      | Found a faded altar of an unknown god.
   200 | D:1      | Reached skill level 1 in Transmutations
   200 | D:1      | Reached XP level 2. HP: 15/15 MP: 1/5
   777 | D:2      | Reached skill level 4 in Earth Magic
   893 | D:2      | Found an opulent altar of Gozag.
   941 | D:2      | Reached XP level 3. HP: 19/19 MP: 4/6
  2316 | D:3      | Reached XP level 4. HP: 24/24 MP: 6/8
  2382 | D:3      | Found a runed translucent gate.
  2383 | D:3      | Found a runed translucent gate.
  2389 | D:3      | Learned a level 3 spell: Stone Arrow
  2389 | D:3      | Found a runed translucent gate.
  2408 | D:3      | Noticed zlionsfan's ghost (amateur VSDe)
  2408 | D:3      | Noticed dangeratio's ghost (amateur DgFi)
  2408 | D:3      | Noticed GigaChad's ghost (weakling MiFi)
  3001 | D:4      | Noticed an ogre
  3004 | D:4      | Killed an ogre
  3005 | D:4      | Reached skill level 1 in Staves
  3005 | D:4      | Reached skill level 1 in Conjurations
  3005 | D:4      | Reached skill level 5 in Earth Magic
  3005 | D:4      | Reached skill level 1 in Evocations
  3005 | D:4      | Reached XP level 5. HP: 28/28 MP: 5/9
  3130 | D:4      | Reached XP level 6. HP: 33/33 MP: 5/11
  3243 | D:4      | Reached skill level 1 in Armour
  3405 | D:4      | Reached skill level 1 in Fighting
  3504 | D:4      | Reached XP level 7. HP: 36/38 MP: 6/12
  3722 | D:4      | Found an ornate altar of the Wu Jian Council.
  4078 | D:4      | Reached skill level 6 in Earth Magic
  4206 | D:4      | Found an ornate altar of the Wu Jian Council.
  4301 | D:5      | Entered Level 5 of the Dungeon
  4338 | D:5      | Found a glowing drain.
  4409 | Sewer    | Entered a sewer
  4704 | Sewer    | Reached XP level 8. HP: 44/44 MP: 11/13
  4737 | Sewer    | Found a viscous altar of Jiyva.
  4940 | D:5      | Noticed Pikel
  4964 | D:5      | Killed Pikel
  4965 | D:5      | Reached skill level 7 in Earth Magic
  5040 | D:5      | Noticed a gargoyle
  5053 | D:5      | Killed a gargoyle
  5054 | D:5      | Reached XP level 9. HP: 27/51 MP: 8/15
  5430 | D:5      | Found an iron altar of Okawaru.
  5532 | D:6      | Found a staircase to the Ecumenical Temple.
  5543 | D:5      | Reached skill level 8 in Earth Magic
  5718 | Temple   | Entered the Ecumenical Temple
  5718 | Temple   | Found a transporter.
  5718 | Temple   | Found a transporter.
  5720 | Temple   | Found a transporter.
  5720 | Temple   | Found a transporter.
  5749 | Temple   | Became a worshipper of Vehumet
  5856 | D:6      | Identified the +2 trident of Drought {flame, rC++}
  5876 | D:6      | Found a white marble altar of Elyvilon.
  5999 | D:6      | Noticed Duvessa
  5999 | D:6      | Noticed Dowan
  6010 | D:6      | Killed Duvessa
  6011 | D:6      | Killed Dowan
  6101 | D:6      | Found a snail-covered altar of Cheibriados.
  6429 | D:7      | Found Kupabedi's Antique Weapon Shop.
  6727 | D:7      | Noticed a troll
  6729 | D:7      | Killed a troll
  6789 | D:7      | Reached skill level 5 in Spellcasting
  6868 | D:7      | Reached skill level 9 in Earth Magic
  6879 | D:7      | Reached * piety under Vehumet
  6879 | D:7      | Offered knowledge of Freeze by Vehumet.
  7027 | D:7      | Reached skill level 5 in Conjurations
  7027 | D:7      | Reached XP level 10. HP: 58/58 MP: 12/17
  7276 | D:6      | Noticed a rust devil
  7276 | D:6      | Noticed a rust devil
  7276 | D:6      | Noticed Maggie
  7533 | D:7      | Found a shimmering altar of Xom.
  7565 | D:7      | Found a burning altar of Makhleb.
  8094 | D:8      | Found a stormy altar of Qazlal.
  8312 | D:8      | Found a sacrificial altar of Ru.
  8318 | D:8      | Found a hide-covered altar of Uskayaw.
  8323 | D:8      | Found a bloodstained altar of Trog.
  8490 | D:8      | Reached skill level 5 in Fighting
  8602 | D:8      | Found a staircase to the Lair.
  8638 | D:8      | Noticed a cyclops
  8889 | D:8      | Found a hazy altar of Hepliaklqana.
  9213 | D:9      | Reached skill level 5 in Staves
  9213 | D:9      | Reached skill level 5 in Armour
  9264 | D:9      | Reached skill level 10 in Earth Magic
  9442 | D:9      | Noticed a cyclops
  9661 | D:9      | Offered knowledge of Poisonous Vapours by Vehumet.
  9663 | D:9      | Reached ** piety under Vehumet
  9901 | D:9      | Noticed Harold
 10074 | D:8      | Found a sacrificial altar of Ru.
 10080 | D:8      | Found a hide-covered altar of Uskayaw.
 10085 | D:8      | Found a bloodstained altar of Trog.
 10127 | D:8      | Killed a cyclops
 10223 | D:9      | Learned a level 2 spell: Passwall
 10234 | D:8      | Reached skill level 5 in Evocations
 10668 | D:9      | Found a staircase to the Orcish Mines.
 10881 | D:9      | Killed Harold
 10882 | D:9      | Reached XP level 11. HP: 64/64 MP: 3/20
 10965 | D:9      | Killed a cyclops
 11048 | D:9      | Noticed Psyche
 11051 | D:9      | Killed Psyche
 11052 | D:9      | Reached skill level 11 in Earth Magic
 11681 | D:9      | Found a staircase to the Orcish Mines.
 12374 | D:10     | Entered Level 10 of the Dungeon
 12466 | D:10     | Noticed a two-headed ogre
 12575 | D:10     | Killed a two-headed ogre
 12725 | D:10     | Found a runed translucent gate.
 12726 | D:10     | Noticed Jingleheimer's ghost (journeyman OpBe)
 12727 | D:10     | Found a runed translucent gate.
 12728 | D:10     | Found a runed translucent gate.
 12731 | D:10     | Identified the +1 chain mail of the Heron {rC+}
 12844 | D:10     | Noticed a two-headed ogre
 12847 | D:10     | Killed a two-headed ogre
 13695 | D:11     | Noticed a two-headed ogre
 13707 | D:11     | Killed a two-headed ogre
 14095 | D:11     | Noticed a boulder beetle
 14122 | D:11     | Killed a boulder beetle
 14285 | D:11     | Identified a scroll of acquirement
 14286 | D:11     | Acquired the +3 Elemental Staff {rElec rF++ rC++ AC+5}
 14286 | D:11     | Found the +3 Elemental Staff {rElec rF++ rC++ AC+5}
 14441 | D:11     | Noticed Fannar
 14441 | D:11     | Noticed Amaemon
 14743 | D:11     | Found a sparkling altar of Nemelex Xobeh.
 14818 | D:11     | Killed Fannar
 14819 | D:11     | Reached skill level 12 in Earth Magic
 15028 | D:11     | Killed Amaemon
 15029 | D:11     | Reached XP level 12. HP: 70/71 MP: 7/22
 15599 | D:11     | Found a sparkling altar of Nemelex Xobeh.
 15854 | D:12     | Found Jamior's Distillery.
 15857 | D:12     | Bought a potion of heal wounds for 55 gold pieces
 15857 | D:12     | Bought 2 potions of heal wounds for 110 gold pieces
 15857 | D:12     | Bought a potion of haste for 110 gold pieces
 15857 | D:12     | Bought a potion of brilliance for 44 gold pieces
 15857 | D:12     | Bought a potion of curing for 33 gold pieces
 15934 | D:12     | Found Soomy's General Store.
 15937 | D:12     | Bought a wand of flame (6) for 67 gold pieces
 16258 | D:12     | Found Gece's Weapon Shop.
 16331 | D:12     | Noticed a four-headed hydra
 16386 | D:12     | Killed a four-headed hydra
 16749 | D:12     | Noticed a boulder beetle
 16749 | D:12     | Noticed a boulder beetle
 16772 | D:12     | Offered knowledge of Conjure Flame by Vehumet.
 16778 | D:12     | Killed a boulder beetle
 16787 | D:12     | Killed a boulder beetle
 16935 | D:12     | Found a runed translucent gate.
 16935 | D:12     | Found a runed translucent gate.
 16935 | D:12     | Found a runed translucent gate.
 16994 | D:12     | Noticed a two-headed ogre
 17000 | D:12     | Killed a two-headed ogre
 17118 | D:12     | Noticed a two-headed ogre
 17118 | D:12     | Noticed a five-headed hydra
 17118 | D:12     | Noticed a great orb of eyes
 17119 | D:12     | Identified the +6 trident of Yesterday {drain, Str+5}
 17119 | D:12     | Noticed a centaur warrior
 17120 | D:12     | Identified the +6 dagger of Evolution {drain, rElec rC-
                  | Str+10}
 17121 | D:12     | Noticed a fire dragon
 17124 | D:12     | Killed a centaur warrior
 17155 | D:12     | Noticed a broodmother
 17159 | D:12     | Noticed a bunyip
 17161 | D:12     | Noticed a satyr
 17163 | D:12     | Noticed a spark wasp
 17164 | D:12     | Noticed an ice dragon
 17164 | D:12     | a spark wasp changed into an ice dragon
 17187 | D:12     | Reached skill level 13 in Earth Magic
 17335 | D:12     | Found a runed translucent gate.
 17335 | D:12     | Found a runed translucent gate.
 17335 | D:12     | Found a runed translucent gate.
 17338 | D:12     | Noticed a two-headed ogre
 17338 | D:12     | Noticed an alligator
 17338 | D:12     | a two-headed ogre changed into an alligator
 17339 | D:12     | Noticed an anaconda
 17339 | D:12     | an alligator changed into an anaconda
 17340 | D:12     | an anaconda changed into a snapping turtle
 17655 | D:12     | Found Durask's Distillery.
 17659 | D:12     | Bought a potion of ambrosia for 104 gold pieces
 17659 | D:12     | Bought a potion of curing for 39 gold pieces
 17659 | D:12     | Bought a potion of heal wounds for 65 gold pieces
 17659 | D:12     | Bought a potion of cancellation for 104 gold pieces
 17830 | D:12     | Noticed a shadow dragon
 17831 | D:12     | Noticed a quicksilver dragon
 17831 | D:12     | a shadow dragon changed into a quicksilver dragon
 17833 | D:12     | Noticed a sphinx
 17833 | D:12     | a quicksilver dragon changed into a sphinx
 17836 | D:12     | Noticed a shadow dragon
 17836 | D:12     | a sphinx changed into a shadow dragon
 18144 | D:3      | Killed zlionsfan's ghost
 18147 | D:3      | Killed GigaChad's ghost
 18149 | D:3      | Killed dangeratio's ghost
 18350 | D:6      | Found a white marble altar of Elyvilon.
 18472 | D:6      | Found a snail-covered altar of Cheibriados.
 18734 | D:6      | Killed Maggie
 18759 | D:6      | Reached *** piety under Vehumet
 19030 | D:8      | Found a stormy altar of Qazlal.
 19083 | D:8      | Found a hazy altar of Hepliaklqana.
 19128 | D:8      | Found a staircase to the Lair.
 19627 | D:10     | Killed Jingleheimer's ghost
 20052 | D:12     | Noticed a two-headed ogre
 20059 | D:12     | Killed a two-headed ogre
 20105 | D:12     | Reached XP level 13. HP: 78/78 MP: 22/24
 20117 | D:12     | Noticed a minotaur
 20117 | D:12     | an alligator snapping turtle changed into a minotaur
 20127 | D:12     | Killed a minotaur
 20421 | D:12     | Got Simple Secret Knowledge
 20447 | D:12     | Offered knowledge of Inner Flame by Vehumet.
 20627 | D:12     | Found Durask's Distillery.
 20795 | D:12     | Found Gece's Weapon Shop.
 20858 | D:12     | Found Jamior's Distillery.
 20897 | D:12     | Found Soomy's General Store.
 21248 | D:12     | Bought a potion of mutation for 104 gold pieces
 21364 | Lair:1   | Entered Level 1 of the Lair of Beasts
 21967 | Lair:1   | Reached skill level 14 in Earth Magic
 23248 | Lair:2   | Reached **** piety under Vehumet
 23854 | Lair:2   | Offered knowledge of Flame Wave by Vehumet.
 23917 | Lair:2   | Found a staircase to the Snake Pit.
 24364 | Lair:3   | Found a frozen archway.
 24492 | IceCv    | Entered an ice cave
 25281 | IceCv    | Identified the +0 falchion of the Fuzzy God {elec, rPois
                  | Str-3 Dex-2 SInv}
 25468 | Lair:3   | Found a staircase to the Shoals.
 25860 | Lair:3   | Learned a level 4 spell: Petrify
 26732 | Lair:4   | Gained mutation: Your large and strong wings let you fly.
                  | [Gargoyle growth]
 26732 | Lair:4   | Reached XP level 14. HP: 68/86 MP: 13/26
 26797 | Lair:4   | Reached ***** piety under Vehumet
 27904 | Lair:4   | Offered knowledge of Iron Shot by Vehumet.
 27916 | Lair:4   | Learned a level 6 spell: Iron Shot
 27951 | Lair:4   | Found a viscous altar of Jiyva.
 27953 | Lair:4   | Found a staircase to the Slime Pits.
 28020 | Lair:5   | Entered Level 5 of the Lair of Beasts
 29263 | Lair:4   | Reached skill level 15 in Earth Magic
 29814 | Lair:5   | Found a large runed translucent door.
 29814 | Lair:5   | Found a large runed translucent door.
 30602 | Lair:5   | Reached skill level 10 in Fighting
 30602 | Lair:5   | Reached skill level 10 in Conjurations
 31315 | Lair:2   | Found a staircase to the Snake Pit.
 31840 | Orc:1    | Entered Level 1 of the Orcish Mines
 31840 | Orc:1    | Noticed Sonja
 31848 | D:9      | Killed Sonja
 32806 | Orc:2    | Entered Level 2 of the Orcish Mines
 32897 | Orc:2    | Noticed Maurice
 33020 | Orc:2    | Found a staircase to the Elven Halls.
 33253 | Orc:2    | Killed Maurice
 33498 | Orc:2    | Reached skill level 10 in Armour
 34237 | Orc:2    | Reached XP level 15. HP: 92/92 MP: 17/28
 34488 | Orc:2    | Found Geocs's Armour Shoppe.
 34488 | Orc:2    | Found Uvekla's Antique Weapon Boutique.
 34493 | Orc:2    | Bought the +0 buckler of Refuge {MP+9} for 395 gold pieces
 35196 | Orc:2    | Offered knowledge of Lee's Rapid Deconstruction by Vehumet.
 35197 | Orc:2    | Reached skill level 1 in Shields
 35203 | Orc:2    | Learned a level 5 spell: Lee's Rapid Deconstruction
 35655 | Orc:2    | Found Wuojo Itue's Antique Weapon Shoppe.
 35655 | Orc:2    | Found Gappeusa's Jewellery Boutique.
 35670 | Orc:2    | Bought a +6 ring of intelligence for 540 gold pieces
 36632 | D:13     | Found Joloet's Armour Shop.
 36638 | D:13     | Bought a +2 helmet of see invisible for 301 gold pieces
 36920 | D:13     | Noticed Erolcha
 36922 | D:13     | Killed Erolcha
 37185 | D:13     | Identified the +3 quarterstaff of Plague {freeze, Dex+6}
 37533 | D:13     | Found a gate to the Vaults.
 38066 | D:14     | Reached skill level 10 in Staves
 38521 | D:14     | Noticed a tengu reaver
 39946 | D:14     | Reached skill level 16 in Earth Magic
 40392 | D:14     | Reached skill level 10 in Spellcasting
 40392 | D:14     | Reached XP level 16. HP: 100/100 MP: 30/30
 40532 | D:14     | Offered knowledge of Lightning Bolt by Vehumet.
 40637 | D:15     | Entered Level 15 of the Dungeon
 41139 | D:15     | Learned a level 5 spell: Borgnjor's Vile Clutch
 41949 | D:14     | Killed a tengu reaver
 42719 | D:15     | Found a staircase to the Depths.
 43189 | Snake:1  | Entered Level 1 of the Snake Pit
 43594 | Snake:1  | Noticed Josephine
 43608 | Snake:1  | Found Osutat's Armour Emporium.
 43610 | Snake:1  | Reached skill level 5 in Shields
 43612 | Snake:1  | Killed Josephine
 43616 | Snake:1  | Reached skill level 10 in Evocations
 43801 | Snake:1  | Bought a +2 cloak of stealth for 258 gold pieces
 44657 | Snake:2  | Reached skill level 1 in Necromancy
 45272 | Snake:1  | Found Osutat's Armour Emporium.
 45687 | Snake:2  | Found a transporter.
 45808 | Snake:2  | Found the +12 glaive of Prune {vorpal}
 45809 | Snake:2  | Noticed a nagaraja
 46047 | Snake:2  | Found a transporter.
 46047 | Snake:2  | Noticed a hellephant
 46333 | Snake:2  | Noticed AverageBear's ghost (adept FoFi)
 47613 | Snake:3  | Reached XP level 17. HP: 106/106 MP: 12/31
 48013 | Snake:3  | Noticed Azrael
 48014 | Snake:3  | Offered knowledge of Ozocubu's Refrigeration by Vehumet.
 48017 | Snake:3  | Killed Azrael
 48168 | Snake:3  | Found a snail-covered altar of Cheibriados.
 49306 | Snake:4  | Entered Level 4 of the Snake Pit
 50055 | Snake:4  | Identified Roxanne's Directory of Changing
 50055 | Snake:4  | Noticed Roxanne
 50059 | Snake:4  | Killed Roxanne
 50060 | Snake:4  | Reached skill level 17 in Earth Magic
 50681 | Snake:4  | Offered knowledge of Starburst by Vehumet.
 51027 | Snake:4  | Got a serpentine rune of Zot
 51345 | Snake:4  | Reached XP level 18. HP: 112/112 MP: 10/33
 52111 | Snake:4  | Learned a level 9 spell: Shatter
 52888 | Shoals:1 | Entered Level 1 of the Shoals
 54776 | Shoals:2 | Noticed Ilsuiw
 55137 | Shoals:2 | Reached skill level 5 in Stealth
 55463 | Shoals:2 | Killed Ilsuiw
 56737 | Shoals:3 | Reached skill level 5 in Dodging
 57207 | Shoals:3 | Noticed Polyphemus
 57214 | Shoals:3 | Killed Polyphemus
 57218 | Shoals:3 | Offered knowledge of Irradiate by Vehumet.
 58319 | Shoals:4 | Entered Level 4 of the Shoals
 58963 | Shoals:4 | Noticed Mara
 58983 | Shoals:4 | Killed Mara
 59104 | Shoals:4 | Found Fudd's Vocational Training.
 59364 | Shoals:4 | Reached XP level 19. HP: 119/119 MP: 29/34
 59803 | Shoals:4 | Noticed Kirke
 59809 | Shoals:4 | Killed Kirke
 59953 | Shoals:4 | Noticed Mlioglotl
 59962 | Shoals:4 | Killed Mlioglotl
 59963 | Shoals:4 | Reached skill level 18 in Earth Magic
 60443 | Shoals:4 | Got a barnacled rune of Zot
 60932 | Shoals:4 | Got Cumuv's Vademecum on the Blizzard
 61180 | Shoals:4 | Found Fudd's Vocational Training.
 62194 | Vaults:1 | Entered Level 1 of the Vaults
 62906 | Vaults:1 | Offered knowledge of Lehudib's Crystal Spear by Vehumet.
 63154 | Vaults:1 | Found a transporter.
 63446 | Vaults:1 | Reached ****** piety under Vehumet
 63929 | Vaults:1 | Found a transporter.
 64072 | Vaults:1 | Found a transporter.
 64116 | Vaults:1 | Found a transporter.
 65116 | Vaults:2 | Found a flickering gateway to a bazaar.
 65122 | Bazaar   | Entered a bazaar
 65123 | Bazaar   | Found Laefuo's Armour Boutique.
 65123 | Bazaar   | Found Ditsym's Assorted Antiques.
 65124 | Bazaar   | Found Cubli's Antique Armour Emporium.
 65130 | Bazaar   | Bought a +0 pair of boots of stealth for 161 gold pieces
 65169 | Bazaar   | Found Wegud's Weapon Emporium.
 66626 | Vaults:2 | Found a staircase to the Crypt.
 66632 | Vaults:2 | Reached XP level 20. HP: 126/126 MP: 24/38
 67452 | Vaults:3 | Noticed Rupert
 67847 | Vaults:3 | Found Yntuitso's Assorted Antiques.
 67858 | Vaults:3 | Bought a wand of paralysis (4) for 364 gold pieces
 67858 | Vaults:3 | Bought a wand of polymorph (5) for 266 gold pieces
 67858 | Vaults:3 | Bought a scroll labelled DUF TOTTUTHYTYIL for 38 gold
                  | pieces
 67858 | Vaults:3 | Bought a potion of curing for 114 gold pieces
 67944 | Vaults:3 | Reached skill level 15 in Spellcasting
 68427 | Vaults:3 | Noticed Frederick
 68427 | Vaults:3 | Noticed Agnes
 68934 | Vaults:2 | Found a staircase to the Crypt.
 69807 | Vaults:3 | Killed Rupert
 69807 | Vaults:3 | Offered knowledge of Lehudib's Crystal Spear by Vehumet.
 69817 | Vaults:3 | Learned a level 8 spell: Lehudib's Crystal Spear
 70429 | Vaults:3 | Killed Frederick
 70433 | Vaults:3 | Killed Agnes
 72529 | Vaults:4 | Found Dises's Assorted Antiques.
 72538 | Vaults:4 | Bought 2 potions of curing for 252 gold pieces
 72538 | Vaults:4 | Bought a brown potion for 37 gold pieces
 72538 | Vaults:4 | Bought a scroll of teleportation for 126 gold pieces
 72661 | Vaults:4 | Reached skill level 19 in Earth Magic
 72943 | Vaults:4 | Found a runed translucent gate.
 72943 | Vaults:4 | Found a runed translucent gate.
 72944 | Vaults:4 | Found a runed translucent gate.
 72946 | Vaults:4 | Noticed theMacoje's ghost (adept OgEn)
 73597 | Vaults:3 | Found Yntuitso's Assorted Antiques.
 74235 | Vaults:4 | Reached XP level 21. HP: 132/132 MP: 41/41
 75259 | Vaults:4 | Identified the +1 cloak of Forking Paths {rElec}
 75360 | Vaults:4 | Killed theMacoje's ghost
 75644 | Vaults:4 | Found Dises's Assorted Antiques.
 76424 | Elf:1    | Entered Level 1 of the Elven Halls
 77502 | Elf:1    | Identified the +2 ring mail of Submission {Harm rPois
                  | Stlth+}
 77675 | Elf:1    | Got the Omnibus of Damage Dealing
 77885 | Elf:1    | Got Pipye's Disquisition on the Coarse Salvo
 77891 | Elf:1    | Learned a level 4 spell: Leda's Liquefaction
 79168 | Elf:2    | Reached skill level 20 in Earth Magic
 79237 | Elf:2    | Found Ses Baun's Jewellery Emporium.
 79238 | Elf:2    | Found Jehiol's Book Boutique.
 79239 | Elf:2    | Found Xiubetam's Jewellery Emporium.
 79648 | Elf:2    | Found a runed translucent gate.
 79648 | Elf:2    | Found a runed translucent gate.
 79648 | Elf:2    | Found a runed translucent gate.
 80175 | Elf:2    | Reached skill level 15 in Fighting
 81068 | Elf:3    | Entered Level 3 of the Elven Halls
 81278 | Elf:2    | Found Ses Baun's Jewellery Emporium.
 81279 | Elf:2    | Found Jehiol's Book Boutique.
 81280 | Elf:2    | Found Xiubetam's Jewellery Emporium.
 82158 | Elf:3    | Reached XP level 22. HP: 140/140 MP: 30/42
 82446 | Elf:3    | Found Feopner's General Store.
 82451 | Elf:3    | Bought a wand of roots (8) for 230 gold pieces
 82451 | Elf:3    | Bought a potion of curing for 36 gold pieces
 83265 | Elf:3    | Identified the amulet of Upah {RegenMP Dex+3}
 83268 | Elf:3    | Identified the +6 bardiche "Efas Avvu" {elec, +Blink rF+
                  | Dex+3}
 83268 | Elf:3    | Identified the ring "Ibieri" {*Slow rElec Str+7 Int+8
                  | Dex+6}
 83270 | Elf:3    | Identified the +1 ring mail of the Undertaker {SInv}
 83332 | Elf:3    | Identified the +8 spear of Spite {vorpal, Fragile rF+ rC+
                  | Int+3}
 83381 | Elf:3    | Identified the ring "Nugexkidd" {rElec Will+ Str+4}
 83383 | Elf:3    | Identified the +5 mace "Sostram" {flame, rN+ Str+2}
 83807 | Elf:3    | Got Cetaph's Catalogue of Hoarfrost
 83850 | Elf:3    | Identified the +1 short sword of Peace {vorpal, Fly rPois
                  | rF+ Int-3}
 84007 | Elf:3    | Identified the +9 long sword of the Hall of Blades {flame,
                  | Str+5}
 84301 | Orc:2    | Found a staircase to the Elven Halls.
 84398 | Orc:2    | Found Wuojo Itue's Antique Weapon Shoppe.
 84398 | Orc:2    | Found Gappeusa's Jewellery Boutique.
 84466 | Orc:2    | Found Geocs's Armour Shoppe.
 84466 | Orc:2    | Found Uvekla's Antique Weapon Boutique.
 85029 | Depths:1 | Entered Level 1 of the Depths
 85258 | Depths:1 | Found Toligami's Assorted Antiques.
 85276 | Depths:1 | Bought 2 potions of curing for 192 gold pieces
 85276 | Depths:1 | Bought a potion of curing for 96 gold pieces
 85276 | Depths:1 | Bought a scroll of teleportation for 96 gold pieces
 85649 | Depths:1 | Reached skill level 21 in Earth Magic
 86069 | Depths:1 | Found a gateway to Hell.
 86320 | Depths:1 | Found a stormy altar of Qazlal.
 86353 | Depths:1 | Identified the +5 flail "Otyseikune" {vorpal, rF+++ Str-3
                  | SInv Stlth+}
 86357 | Depths:2 | Found a blossoming altar of Fedhas.
 86587 | Depths:2 | Reached skill level 15 in Staves
 86610 | Depths:2 | Reached XP level 23. HP: 128/147 MP: 11/44
 86807 | Depths:2 | Noticed a juggernaut
 86947 | Depths:2 | Found a one-way gate leading to the halls of Pandemonium.
 86955 | Depths:2 | Found a one-way gate to the infinite horrors of the Abyss.
 86974 | Depths:2 | Killed a juggernaut
 87357 | Depths:2 | Found a one-way gateway to a ziggurat.
 87388 | Depths:2 | Found a portal to a secret trove of treasure.
 87958 | Depths:3 | Found Pailoec's Antique Weapon Shop.
 87969 | Depths:3 | Found Eruups's Assorted Antiques.
 87979 | Depths:3 | Bought a knobbly cabochon ring for 120 gold pieces
 88225 | Depths:3 | Found a flickering gateway to a bazaar.
 88331 | Depths:3 | Reached skill level 10 in Dodging
 88501 | Depths:3 | Noticed a golden dragon
 88508 | Depths:3 | Paralysed by a sphinx for 5 turns
 88514 | Depths:3 | Killed a golden dragon
 88590 | Depths:3 | Identified the ring "Ureh" {Wiz Drain +Blink rPois Dex+5}
 88608 | Depths:3 | Noticed a juggernaut
 88613 | Depths:3 | Killed a juggernaut
 88727 | Depths:3 | Identified the +10 sling "Visua" {venom, rF+ rN+ rCorr}
 89198 | Depths:4 | Entered Level 4 of the Depths
 89276 | Depths:4 | Noticed a golden dragon
 89277 | Depths:4 | Killed a golden dragon
 89482 | Depths:4 | Identified the +2 rapier of a sewer {vorpal, rCorr Str+3}
 89624 | Depths:4 | Reached skill level 15 in Conjurations
 89949 | Elf:2    | Bought the amulet of Papliz {Reflect rF+ rC+ Dex+2 SH+5}
                  | for 883 gold pieces
 90820 | Depths:4 | Reached XP level 24. HP: 156/156 MP: 41/45
 91134 | Depths:4 | Identified the +8 war axe of Instant Death {holy, rPois rF-
                  | rCorr Dex+2}
 91142 | Depths:4 | Reached skill level 22 in Earth Magic
 91254 | Depths:4 | Found a gate to the Realm of Zot.
 91347 | Depths:4 | Noticed an ancient lich
 91357 | Depths:4 | Killed an ancient lich
 91549 | Depths:4 | Noticed a caustic shrike
 91549 | Depths:4 | Noticed an ancient lich
 91551 | Depths:4 | Killed a caustic shrike
 92139 | Depths:4 | Killed an ancient lich
 92734 | Vaults:5 | Entered Level 5 of the Vaults
 92734 | Vaults:5 | Noticed Sojobo
 92963 | Vaults:5 | Noticed an ancient lich
 92967 | Vaults:5 | Killed an ancient lich
 93379 | Vaults:5 | Identified the +1 scale mail of the Shoals {Drain rC++ SInv
                  | Stlth+}
 93383 | Vaults:5 | Found Bapaq's Magic Scroll Shop.
 93460 | Vaults:5 | Paralysed by an air elemental for 1 turns
 93468 | Vaults:5 | Killed Sojobo
 93784 | Vaults:4 | Bought a potion of curing for 126 gold pieces
 94520 | Elf:3    | Found Feopner's General Store.
 94942 | Elf:3    | Bought a wand of roots (4) for 115 gold pieces
 95313 | Vaults:5 | Reached skill level 10 in Stealth
 95589 | Vaults:5 | Reached XP level 25. HP: 154/162 MP: 45/45
 96475 | Vaults:5 | Bought a scroll of fear for 48 gold pieces
 96475 | Vaults:5 | Bought a scroll of immolation for 48 gold pieces
 97289 | Vaults:5 | Identified the +1 robe of Naeca {+Inv rC+}
 97297 | Vaults:5 | Got a silver rune of Zot
 97729 | Vaults:5 | Found Bapaq's Magic Scroll Shop.
 98135 | Zot:1    | Entered Level 1 of the Realm of Zot
 98267 | Zot:1    | Noticed Vv
 98274 | Zot:1    | Killed Vv
 98599 | Zot:1    | Identified the +0 crystal plate armour of Tevosir {Str+2
                  | Int-5 Dex+3}
 99720 | Zot:2    | Reached skill level 23 in Earth Magic
103691 | Zot:4    | Reached XP level 26. HP: 106/170 MP: 9/46
103709 | Zot:4    | Slain by a black draconian knight

Illustrated notes

Levels and vault maps discovered:
D:1:      spicycebolla_arrival_clurvy, layout_rooms, serial_corexii_hall,
          corexii_hall_statues_l, corexii_hall_statues_i,
          hellmonk_ecumenical_altar_prayer_group, minmay_crystal_room
D:2:      layout_basic, serial_bayou, serial_bayou_pond_a, serial_bayou_pond_a,
          serial_bayou_pond_e, serial_bayou_pond_e, serial_bayou_pond_a,
          basic_altar
D:3:      layout_basic, gammafunk_ghost_cemetery
D:4:      layout_rooms, mainiacjoe_overflow_six_doors_small
D:5:      layout_rooms, kennysheep_mini_moat, gup_sewer_entry_glass, uniq_pikel
D:6:      cheibrodos_iron_armory, layout_rooms, elyvilon_altar_4, slow_altar_1,
          minmay_temple_entry_stoned_glass, amcnicky_mini_corridor_feature,
          uniq_duvessa, uniq_maggie
D:7:      layout_basic, grunt_temple_overflow_champion_of_chaos, serial_shops,
          shop, nicolae_figureground_pulse
D:8:      layout_rooms, nzn_hepliaklqana_mist_gate, kennysheep_mini, minitemple,
          david_lair_shrubbed
D:9:      layout_cave_pods, david_orc_2, minivault_20, kennysheep_path_1,
          eino_curves_02, hex_medium, hangedman_misty_isle, uniq_harold,
          uniq_psyche
D:10:     layout_stronghold, biasface_ghost_orc_armoury,
          minmay_misc_feat_more_columns
D:11:     layout_basic, kennysheep_crisscross, nemelex_altar_shiori,
          uniq_fannar, uniq_amaemon
D:12:     kennysheep_treasure_stockpile, layout_stronghold, serial_shops,
          nicolae_shop_bloodbath_and_beyond, nicolae_shop_behind_doors, shop,
          nicolae_stop_n_shop_1, minivault_16
D:13:     layout_loops_ring, ximxim_vaults_locker_room, serial_shops,
          nicolae_diamond_shop, serial_demonic, serial_demonic_a,
          serial_demonic_b, serial_demonic_g, serial_demonic_c,
          minmay_gold_behind_fungi, kennysheep_generic_room_14, uniq_erolcha
D:14:     nicolae_hexawheel, layout_long_grid, kennysheep_island_fort
D:15:     gammafunk_depths_entry_grave, layout_cave_pools, minmay_misc_feat_x
Temple:   hellmonk_temple_divided_pantheon
Lair:1:   layout_regular_city, beast_lair_carwin_7, infiniplex_staircase_pool_2,
          grunt_megastairs_4, lemuel_fruit_tree
Lair:2:   layout_roguey, minmay_snake_entry_guardpost_medium,
          cheibrodos_lair_lostbears
Lair:3:   layout_roguey [special_room_bee], elwin_shoals_entry_rocks,
          portal_ice_cave_rime, st_stairs_13, serial_bayou_lake_a
Lair:4:   layout_misc_corridors, dpeg_slime_entry_corner, grunt_megastairs_5
Lair:5:   cheibrodos_lair_end_hotspot, layout_hall_layers
Shoals:1: layout_shoals
Shoals:2: layout_shoals, nicolae_shoals_hunting_party, uniq_ilsuiw
Shoals:3: layout_shoals, uniq_polyphemus
Shoals:4: shoals_end_grunt_ice, layout_shoals, nicolae_shop_vocational,
          uniq_mara, uniq_kirke, uniq_mlioglotl
Snake:1:  layout_onion, serial_shops, nicolae_square_shop, uniq_josephine
Snake:2:  layout_cave_pods, gammafunk_ghost_abyssal_escape
Snake:3:  layout_concentric_octagons, basic_altar, nicolae_snake_dead_anacondas,
          uniq_azrael
Snake:4:  grunt_snake_rune_spirals, layout_onion, uniq_roxanne
Orc:1:    layout_caves, uniq_sonja
Orc:2:    st_orc_town, layout_caves, uniq_maurice
Elf:1:    minmay_elf_arrival_summoners, layout_gridlike,
          minmay_elf_annihilation, evilmike_minifort
Elf:2:    elven_hall_of_blades_hangedman_original
          [nicolae_blade_entry_floor_patterns], layout_gridlike,
          minmay_shop_grove
Elf:3:    elf_hall, layout_onion_city, serial_shops, nicolae_shop_stone,
          minmay_misc_feat_rows, einodemon_crawler_minivault
Vaults:1: vaults_room_door_ring, ontoclasm_vaults_twist,
          gammafunk_dig_for_victory, vaults_mumra_hexcomb, v_misc_24,
          vaults_room_fours, nicolae_vaults_border_crossing,
          nicolae_vaults_yaktaur_gun_rack, layout_vaults_chaotic_city
Vaults:2: nicolae_vaults_little_squares_5, minmay_crypt_entry_simple_corners,
          nicolae_vaults_network_quinsquares
          [nicolae_vaults_network_quincunx_subvault,
          nicolae_vaults_network_quincunx_subvault,
          nicolae_vaults_network_quincunx_subvault,
          nicolae_vaults_network_quincunx_subvault], vaults_dpeg_encased_lava,
          vaults_room_fancy_cross, layout_vaults_omnigrid, serial_shops,
          bzr_entry_safe
Vaults:3: vaults_mumra_chevron_long, nicolae_vaults_theta, sword_in_stone,
          v_rooms_6, v_pattern_4, hangedman_vaults_restitches,
          nicolae_vaults_hallways_thing, ontoclasm_vaults_tryst,
          vaults_room_pools, v_misc_8, nicolae_vaults_little_squares_4,
          vaults_room_pools, nicolae_vaults_mini_display_case,
          layout_vaults_omnicross, serial_shops, shop_statue
Vaults:4: gammafunk_ghost_tricky_traps, v_rooms_2, hangedman_vaults_river_flow,
          st_squares, nicolae_vaults_twisting_passages,
          nicolae_vaults_shelves_hall, v_misc_23, v_misc_3,
          hangedman_vaults_nails, hangedman_vaults_hat,
          nicolae_vaults_little_squares_2, v_misc_15, ontoclasm_vaults_ligature,
          layout_vaults_maze_bifur, serial_shops, nicolae_shop_waterfront
Vaults:5: serial_shops, uniq_sojobo
Depths:1: regret_index_qazlal_generations, layout_basic, serial_shops,
          shop_coins, nrook_mini_backslash, grunt_hell_entry_dis_mu,
          kennysheep_generic_room_2
Depths:2: kennysheep_ambush_hall, layout_cave_shapes, enter_ziggurat_b,
          nicolae_trove_entry_free_sample, chequers_serial_rivers_room_b,
          rand_demon_pan_entry_1, hangedman_coc_ice_floe, abyss_entry,
          minmay_misc_feat_hallway, fedhas_altar_1
Depths:3: minmay_stepped, layout_long_grid, abyss_entry, serial_bayou_pond_e,
          hell_entry, serial_shops, bzr_entry_customers, serial_bayou_shore_b,
          infiniplex_staircase_star, serial_bayou_shore_a, minmay_shoptagon
Depths:4: hangedman_pleasuredromes, pan_entry, hell_entry
Zot:1:    layout_misc_corridors, uniq_vv
Zot:2:    layout_concentric_octagons
Zot:3:    layout_onion_interference, lemuel_golem_globe
Zot:4:    kennysheep_blocky_hall, layout_misc_corridors

Skill      XL: |  1  2  3  4  5  6  7  8  9 10 11 12 13 14 15 16 17 18 19 20 21 22 23 24 25 |
---------------+----------------------------------------------------------------------------+-----
Transmutations | 1 2 3 |  3.6
Earth Magic    | 4 5 6 7 9 10 12 13 14 15 16 17 18 19 20 21 22 23 | 23.2
Spellcasting   | 3 4 5 6 7 8 9 10 11 14 16 17 18 19 | 19.2
Staves         | 1 2 3 4 5 6 7 8 9 10 11 12 13 14 15 16 17 | 17.3
Conjurations   | 1 2 3 5 6 7 8 9 10 11 12 13 14 15 16 | 16.9
Evocations     | 1 2 3 4 5 6 7 8 9 10 11 12 13 | 13.0
Armour         | 1 2 3 4 5 6 7 8 10 11 | 11.4
Fighting       | 1 2 3 4 5 6 8 9 10 11 12 13 14 15 16 17 18 | 18.6
Shields        | 4 5 |  5.0
Dodging        | 2 4 5 6 7 8 9 10 | 10.4
Necromancy     | 2 3 |  3.7
Stealth        | 3 6 7 10 12 | 12.8

Action                   |  1- 3 |  4- 6 |  7- 9 | 10-12 | 13-15 | 16-18 | 19-21 | 22-24 | 25-27 || total
-------------------------+-------+-------+-------+-------+-------+-------+-------+-------+-------++-------
Melee: Quarterstaff      |     9 |       |       |       |       |       |       |       |       ||     9
       Staff             |       |       |       |    11 |   274 |   183 |    71 |    31 |    48 ||   618
       Unarmed           |       |       |       |       |    94 |       |       |       |       ||    94
Throw: Dart              |       |       |       |    26 |     4 |     4 |       |       |       ||    34
       Boomerang         |       |       |       |     7 |    11 |       |     1 |       |       ||    19
       Throwing net      |       |       |       |     1 |     1 |       |       |       |       ||     2
 Cast: Sandblast         |    65 |    47 |   152 |   135 |       |       |       |       |       ||   399
       Stone Arrow       |       |       |     7 |   217 |   890 |   124 |       |       |       ||  1238
       Passwall          |       |       |       |       |     4 |       |       |       |       ||     4
       Iron Shot         |       |       |       |       |    22 |   478 |   609 |   632 |   245 ||  1986
       Lee's Rapid Decon |       |       |       |       |     2 |     6 |     8 |     7 |       ||    23
       Borgnjor's Vile C |       |       |       |       |       |       |     1 |       |       ||     1
       Lehudib's Crystal |       |       |       |       |       |       |     3 |     5 |     7 ||    15
       Leda's Liquefacti |       |       |       |       |       |       |     2 |     1 |       ||     3
       Shatter           |       |       |       |       |       |       |       |     4 |     2 ||     6
Evoke: Wand              |       |       |     3 |    15 |     7 |       |       |     1 |     1 ||    27
  Use: Potion            |     1 |       |     3 |    21 |    10 |     8 |     4 |     8 |     9 ||    64
       Scroll            |       |     2 |    14 |    19 |    13 |     6 |    14 |    11 |     4 ||    83
Armor: Robe              |    15 |     2 |    18 |   123 |   634 |   289 |   111 |   100 |   225 ||  1517
       Skin              |       |       |       |       |    44 |       |       |       |       ||    44
Dodge: Dodged            |    27 |    18 |    50 |   128 |   555 |   170 |    83 |   120 |   175 ||  1326
Block: Other             |       |       |       |       |    38 |       |       |       |       ||    38
       Orb               |       |       |       |       |   128 |       |       |       |       ||   128
       Reflection        |       |       |       |       |    16 |    36 |    23 |    11 |    10 ||    96
       Buckler           |       |       |       |       |    71 |   197 |    62 |    58 |    87 ||   475
